 Dungeon Crawl Stone Soup version 0.21.1-1-g345015f (webtiles) character file.

63 Swet the Grave Robber (level 3, -4/19 HPs)
             Began as a Deep Elf Necromancer on July 19, 2018.
             Slain by an ogre
             ... wielding a +0 giant club
              (20 damage)
             ... on level 1 of the Dungeon.
             The game lasted 00:13:48 (1747 turns).

Swet the Grave Robber (Deep Elf Necromancer)        Turns: 1747, Time: 00:13:49

Health: -4/19      AC:  3    Str:  5    XL:     3   Next: 89%
Magic:  7/9        EV: 13    Int: 20    God:
Gold:   46         SH:  0    Dex: 15    Spells: 6/8 levels left

rFire    . . .     SeeInvis .   h - +3 mace
rCold    . . .     Gourm    .   (no shield)
rNeg     . . .     Faith    .   a - +0 robe
rPois    .         Spirit   .   i - +0 helmet
rElec    .         Reflect  .   (no cloak)
rCorr    .         Harm     .   (no gloves)
MR       .....                  (no boots)
Stlth    ++........             (no amulet)
HPRegen  0.06/turn              (no ring)
MPRegen  0.11/turn              (no ring)

@: no status effects
A: no striking features
a: no special abilities


You were on level 1 of the Dungeon.
You were not hungry.

You visited 1 branch of the dungeon, and saw 2 of its levels.

You collected 46 gold pieces.

Inventory:

Hand Weapons
 h - a +3 mace (weapon)
Armour
 a - a +0 robe (worn)
 i - a +0 helmet (worn)
Scrolls
 e - a scroll of identify {unknown}
 f - a scroll of amnesia {unknown}
 g - a scroll of fear {unknown}
Potions
 d - 2 potions of degeneration {unknown}
Books
 b - a book of Necromancy

   Spells                             Type                      Level
   a - Pain                           Necromancy                   1
   b - Animate Skeleton               Necromancy                   1
   c - Vampiric Draining              Necromancy                   3
   d - Regeneration                   Charms/Necromancy            3
   e - Animate Dead                   Necromancy                   4
   f - Borgnjor's Vile Clutch         Necromancy/Earth             5
Comestibles
 c - 2 rations
 j - 4 chunks of flesh


   Skills:
 - Level 2.4 Dodging
 - Level 2.4 Stealth
 - Level 3.0 Spellcasting
 + Level 6.7 Necromancy


You had 6 spell levels left.
You knew the following spells:

 Your Spells              Type           Power        Failure   Level  Hunger
a - Pain                  Necr           ####         1%          1    None
b - Animate Skeleton      Necr           N/A          1%          1    None


Dungeon Overview and Level Annotations

Branches:
Dungeon (2/15)

Altars:


Message History

Really repeat movement command while danger is nearby?
Unknown command.
There is a stone staircase leading up here.
The ogre closely misses you.
You climb upwards.
There is a stone staircase leading down here.
Casting: Pain
Confirm with . or Enter, or press ? or * to list all spells.
Aiming: Pain
Press: ? - help, Shift-Dir - straight line, f - ogre
Aim: an ogre, wielding a giant club (chance to defeat MR: 84%)
The ogre barely resists.
The ogre completely misses you.
Casting: Pain
Confirm with . or Enter, or press ? or * to list all spells.
Aiming: Pain
Press: ? - help, Shift-Dir - straight line, f/p - ogre
Aim: an ogre, wielding a giant club (chance to defeat MR: 84%)
The ogre writhes in agony!
The ogre hits you with a giant club!!
Ouch! That really hurt!
You die...

...#....##.##..#.# ##'###'##..
...#....##.###.#.# #≈.≈§≈.§##.
...#....##.# #.#.######§§.≈.≈≈##.
...##...##.# #........#≈≈...≈≈##.
...........# ##..####...≈.<.≈....
...##...#### #..# ###≈≈...≈≈#..
...###### #..# #§≈.≈.≈≈#..
.......# #..# #§.§≈§.≈###
.......# #.@# ##'###'##..
..)....# ##O# #.# #.##(# ....(..#
#.# #.# #....# .###############.#
#.# ####.# ................>#
##.# #.#
..#####################..######.#
..# #.......................# ..#
#.####################### ..# #.#


You could see an ogre.

Vanquished Creatures
  2 adders (D:2)
  2 dart slugs (D:1)
  2 leopard geckos (D:1)
  A ball python (D:1)
  5 bats
  3 goblins (D:1)
  5 hobgoblins (D:1)
  4 jackals (D:1)
  A frilled lizard (D:2)
  5 kobolds (D:1)
  2 rats (D:1)
32 creatures vanquished.

Vanquished Creatures (collateral kills)
  An ooze (D:1)
  A hobgoblin (D:1)
2 creatures vanquished.

Grand Total: 34 creatures vanquished

Notes
Turn   | Place    | Note
-------+----------+-------------------------------------------
     0 | D:1      | Swet the Deep Elf Necromancer began the quest for the Orb.
     0 | D:1      | Reached XP level 1. HP: 10/10 MP: 6/6
    89 | D:1      | Reached skill level 5 in Necromancy
   249 | D:1      | Reached XP level 2. HP: 3/15 MP: 5/8
   518 | D:1      | Learned a level 1 spell: Animate Skeleton
   848 | D:1      | Reached skill level 6 in Necromancy
   895 | D:1      | Reached XP level 3. HP: 17/19 MP: 7/9
  1710 | D:2      | Noticed an ogre
  1747 | D:1      | Slain by an ogre

Skill      XL: |  1  2 |
---------------+-------+-----
Necromancy     | 5 6 |  6.7
Dodging        | |  2.4
Stealth        | |  2.4
Spellcasting   | |  3.0

Action                   || total
-------------------------++-------
Melee: Club              ||     3
       Mace              ||     9
 Cast: Pain              ||    47
       Animate Skeleton  ||     9
  Use: Potion            ||     2
  Eat: Chunk             ||     2
Armor: Robe              ||     5
Dodge: Dodged            ||    23
